 Dungeon Crawl Stone Soup version 0.31-a0-986-g5e6e4ef867 (webtiles) character file.

Game seed: 6718139439528829690

164 LadyBoffin the Trooper (level 5, 0/47 HPs)
             Began as a Hill Orc Fighter on Nov 7, 2023.
             Slain by Grinder (1 damage)
             ... on level 3 of the Dungeon.
             The game lasted 00:05:12 (1891 turns).

LadyBoffin the Trooper (Hill Orc Fighter)           Turns: 1891, Time: 00:05:14

Health: 0/47       AC: 11    Str: 21    XL:     5   Next: 45%
Magic:  5/5        EV:  9    Int:  8    God:
Gold:   106        SH:  9    Dex: 10    Spells: 4/4 levels left

rFire   . . .        h - +0 morningstar
rCold   . . .        c - +0 buckler
rNeg    . . .        b - +0 scale mail
rPois   .            i - +2 helmet
rElec   .            (no cloak)
rCorr   .            (no gloves)
SInv    .            n - +0 pair of boots
Will    .....        f - amulet of reflection Stlth
                     (no ring)
HPRegen 0.27/turn    (no ring)
MPRegen 0.09/turn

%: reflection
@: slowed, very slow
A: no striking features
a: no special abilities


You were on level 3 of the Dungeon.
You visited 1 branch of the dungeon, and saw 3 of its levels.

You collected 106 gold pieces.

Inventory:

Hand Weapons
 a - a +0 war axe
 h - a +0 morningstar (weapon)
 m - a +2 falchion of distortion
Armour
 b - a +0 scale mail (worn)
 c - a +0 buckler (worn)
 i - a +2 helmet (worn)
 n - a +0 pair of boots (worn)
Jewellery
 f - an amulet of reflection (around neck)
 l - an amulet of guardian spirit
 v - a ring of protection from cold
Wands
 o - a wand of iceblast (12)
 t - a wand of flame (19)
Scrolls
 e - 2 scrolls of amnesia
 g - 3 scrolls of fear
 k - a scroll of vulnerability {unknown}
 x - a scroll of identify
Potions
 d - 2 potions of might
 j - 2 potions of curing
 p - a potion of invisibility {unknown}
 q - a potion of lignification {unknown}
 r - a potion of degeneration {unknown}
 s - 2 potions of enlightenment {unknown}
 u - a potion of magic {unknown}
 w - a potion of mutation {unknown}


   Skills:
 + Level 4.4 Fighting
 + Level 2.5 Long Blades
 + Level 3.6(3.7) Axes
 + Level 1.0(2.1) Maces & Flails
 + Level 3.9 Armour
 + Level 0.6 Dodging
 + Level 4.0 Shields


You had 4 spell levels left.
You didn't know any spells.
Your spell library contained the following spells:

 Spells                   Type           Power      Damage    Failure   Level
 Blink                    Tloc           0%         N/A       91%         2
 Lesser Beckoning         Tloc           0%         N/A       91%         2
 Momentum Strike          Conj/Tloc      0%         3d8       91%         2


Dungeon Overview and Level Annotations

Branches:
Dungeon (3/15)

Altars:

Shops:
D:3 ?

Annotations:
D:3 Grinder, Natasha


Message History

Natasha casts a spell at you.
The magic dart hits you but does no damage.
Grinder gestures at you. Pain shoots through your body!
You block Natasha's attack.
You hit Natasha but do no damage. You block Grinder's attack.
You block Natasha's attack. Grinder hits you but does no damage.
Natasha mumbles some strange words.
You sock Natasha!
Natasha is heavily wounded.
Grinder gestures at you. You resist with significant effort.
Natasha casts a spell at you. The magic dart hits you!
* * * LOW HITPOINT WARNING * * *
The cerulean imp hits you from afar with a +2 spear.
* * * LOW HITPOINT WARNING * * *
Grinder gestures at you.
You suddenly lose the ability to move!
Natasha claws you but does no damage.
The cerulean imp hits you but does no damage.
Grinder hits you.
* * * LOW HITPOINT WARNING * * *
Natasha claws you but does no damage.
The cerulean imp hits you from afar with a +2 spear.
* * * LOW HITPOINT WARNING * * *
Grinder gestures at you. Pain shoots through your body!
* * * LOW HITPOINT WARNING * * *
Natasha claws you but does no damage.
The cerulean imp hits you but does no damage.
Grinder hits you but does no damage. Natasha claws you.
* * * LOW HITPOINT WARNING * * *
The cerulean imp hits you but does no damage.
You can move again.
You closely miss Natasha.
Natasha is heavily wounded.
Grinder hits you but does no damage. You block Natasha's attack.
The cerulean imp hits you but does no damage.
Grinder hits you.
You die...
Grinder says, "Now the real fun starts!"

#................................
#....................#.......<...
#.............##.....#.#.........
#.............##....##.#......###
#........................######
#..............<.........#
#................5.......#
#..............5.h......##
#...............@.......###
#....................#....#
#.......................#.###
#......#.............####...#
#....(.........)....## ###.#####
#......#####..#..#..#######......
##.....##....##..........##...)..
#....>#...#####....#.............
#....##.### ##...#..<...##.....


You could see Grinder, Natasha and a cerulean imp (summoned).

Vanquished Creatures
  Jessica (D:2)
  Natasha (twice) (D:3)
  An adder (D:3)
  A worm (D:2)
  2 dart slugs
  An orc (D:3)
  8 ball pythons
  7 bats
  5 endoplasms
  A giant cockroach (D:3)
  6 goblins
  7 hobgoblins
  4 jackals
  5 kobolds
  3 quokkas
  4 frilled lizards
  4 rats
62 creatures vanquished.

Notes
Turn   | Place    | Note
-------+----------+-------------------------------------------
     0 | D:1      | LadyBoffin the Hill Orc Fighter began the quest for the
                  | Orb.
     0 | D:1      | Reached XP level 1. HP: 19/19 MP: 1/1
   192 | D:1      | Reached XP level 2. HP: 27/27 MP: 2/2
   482 | D:1      | Reached XP level 3. HP: 33/33 MP: 3/3
   964 | D:2      | Found a faded altar of an unknown god.
  1173 | D:2      | Reached skill level 1 in Long Blades
  1173 | D:2      | Reached XP level 4. HP: 36/40 MP: 4/4
  1223 | D:2      | Noticed Jessica
  1227 | D:2      | Killed Jessica
  1366 | D:3      | Noticed Natasha
  1378 | D:3      | Found Miawutif's Magic Scroll Boutique.
  1385 | D:3      | Killed Natasha
  1386 | D:3      | Reached XP level 5. HP: 24/47 MP: 5/5
  1546 | D:3      | Noticed Grinder
  1594 | D:3      | Noticed Natasha
  1607 | D:3      | Killed Natasha
  1786 | D:3      | Reached skill level 1 in Maces & Flails
  1879 | D:3      | Noticed Natasha
  1887 | D:3      | Paralysed by Grinder for 5 turns
  1890 | D:3      | HP: 1/47 [Natasha (5)]
  1891 | D:3      | Slain by Grinder

Illustrated notes

Levels and vault maps discovered:
D:1:      saegor_arrival_miasma, layout_basic, serial_bayou_pond_c,
          minivault_19, minmay_unequal
D:2:      layout_rooms, shapermc_ecumenical_altar_mp_urbaneastern, uniq_jessica
D:3:      minmay_door_path, layout_rooms, serial_shops, shop, uniq_natasha,
          uniq_grinder

Skill      XL: |  1  2  3  4  5 |
---------------+----------------+-----
Axes           | 3 |  3.6
Fighting       | 4 |  4.4
Long Blades    | 1 2 |  2.5
Shields        | 4 |  4.0
Maces & Flails | 1 |  1.0
Armour         | |  3.9
Dodging        | |  0.6

Action                     |  1- 3 |  4- 6 || total
---------------------------+-------+-------++-------
  Melee: War axe           |    30 |       ||    30
         Falchion          |    44 |    34 ||    78
         Morningstar       |       |    33 ||    33
    Use: Scroll            |       |     4 ||     4
 Armour: Scale mail        |    44 |    58 ||   102
  Dodge: Dodged            |    38 |    23 ||    61
  Block: Buckler           |    49 |    44 ||    93
         Reflection        |     1 |     2 ||     3

Table legend: (Time is in decaauts)
 A = Elapsed time spent in this place.
 B = Non-inter-level travel time spent in this place.
 C = Inter-level travel time spent in this place.
 D = Time resting spent in this place.
 E = Time spent auto-exploring this place.
 F = Levels seen in this place.
 G = Mean time per level.
                   A        B        C        D        E       F      G
               +--------+--------+--------+--------+--------+-----+--------+
         Total |   1979 |   1887 |     92 |     44 |   1379 |   3 |  659.7 |
       Dungeon |   1979 |   1887 |     92 |     44 |   1379 |   3 |  659.7 |
               +--------+--------+--------+--------+--------+-----+--------+

Top non-repeatable levels by time:
     D:1: 810 daAuts
     D:3: 621 daAuts
     D:2: 547 daAuts
